 Dungeon Crawl Stone Soup version 0.31-a0-133-gaae73658be (webtiles) character file.

Game seed: 2319857354635902940

11681 mandoloar the Skirmisher (level 11, -4/83 HPs)
             Began as a Gnoll Ice Elementalist on May 31, 2023.
             Was a Priest of the Shining One.
             Slain by a centaur warrior
             ... wielding a +0 rapier
              (9 damage)
             ... on level 9 of the Dungeon on June 2, 2023.
             The game lasted 00:42:08 (14367 turns).

mandoloar the Skirmisher (Gnoll Ice Elementalist)  Turns: 14367, Time: 00:42:09

Health: -4/83      AC: 24    Str:  7    XL:     11   Next: 81%
Magic:  19/23      EV: 17    Int: 20    God:    the Shining One [***...]
Gold:   542        SH:  0    Dex: 18    Spells: 16/27 levels left

rFire   + . .        b - +0 orcbow
rCold   . . .        (shield currently unavailable)
rNeg    + . .        A - +0 steam dragon scales
rPois   .            p - +2 helmet
rElec   .            z - +0 cloak
rCorr   .            M - +2 pair of gloves {hurl}
SInv    .            E - +0 pair of boots
Will    .....        y - amulet of magic regeneration
Stlth   ++           m - ring of protection from fire
HPRegen 0.33/turn    s - +6 ring of dexterity
MPRegen 0.58/turn

%: no passive effects
@: ice-armoured, freezing walls, glowing, studying Ranged Weapons
A: fangs 1, strong nose, distributed training
a: Renounce Religion, Divine Shield, Cleansing Flame


You were on level 9 of the Dungeon.
You worshipped the Shining One.
The Shining One was most pleased with you.
You visited 2 branches of the dungeon, and saw 10 of its levels.

You collected 542 gold pieces.

Inventory:

Hand Weapons
 a - a +4 falchion
 b - a +0 orcbow (weapon)
Missiles
 j - 8 boomerangs
 k - 21 poisoned darts
Armour
 p - a +2 helmet (worn)
 z - a +0 cloak (worn)
 A - +0 steam dragon scales (worn)
 E - a +0 pair of boots (worn)
 M - a +2 pair of gloves of hurling (worn)
Jewellery
 m - a ring of protection from fire (left hand)
 s - a +6 ring of dexterity (right hand)
 w - a ring of willpower
 y - an amulet of magic regeneration (around neck)
 C - a ring of flight
 G - an amulet of faith
Wands
 e - a wand of roots (7)
 q - a wand of quicksilver (19)
 u - a wand of charming (4)
Scrolls
 g - a scroll of poison {unknown}
 i - a scroll of identify
 n - 2 scrolls of teleportation
 t - a scroll of magic mapping
 v - 2 scrolls of fear
 I - a scroll of amnesia
 K - a scroll of blinking
Potions
 c - 2 potions of attraction
 d - a potion of might {unknown}
 f - 3 potions of brilliance
 h - a potion of resistance
 r - 2 potions of cancellation {unknown}
 B - a potion of mutation {unknown}
 D - 4 potions of curing
 F - 2 potions of magic
 H - 2 potions of enlightenment {unknown}
 J - 2 potions of lignification {unknown}
 L - 3 potions of berserk rage {unknown}
Miscellaneous
 l - a tin of tremorstones (2/2)


   Skills:
 + Level 6.9 Fighting
 + Level 6.9 Short Blades
 + Level 6.9 Long Blades
 + Level 6.9 Axes
 + Level 6.9 Maces & Flails
 + Level 6.9 Polearms
 + Level 6.9 Staves
 + Level 9.9 Ranged Weapons
 + Level 6.9 Throwing
 + Level 6.9 Armour
 + Level 8.4 Dodging
 + Level 8.1 Stealth
 + Level 6.9 Shields
 + Level 6.9 Unarmed Combat
 + Level 8.6 Spellcasting
 + Level 5.7 Conjurations
 + Level 5.7 Hexes
 + Level 5.7 Summonings
 + Level 5.7 Necromancy
 + Level 5.7 Translocations
 + Level 5.7 Transmutations
 + Level 5.7 Fire Magic
 + Level 9.2 Ice Magic
 + Level 5.7 Air Magic
 + Level 5.7 Earth Magic
 + Level 5.7 Poison Magic
 + Level 7.5 Invocations
 + Level 6.9 Evocations


You had 16 spell levels left.
You knew the following spells:

 Your Spells              Type           Power      Damage    Failure   Level
a - Freeze                Ice            100%       1d10      1%          1
b - Frozen Ramparts       Ice            90%        1d14      1%          3
c - Ozocubu's Armour      Ice            45%        N/A       1%          3
d - Summon Ice Beast      Ice/Summ       38%        N/A       3%          4

Your spell library contained the following spells:

 Spells                   Type           Power      Damage    Failure   Level
 Apportation              Tloc           62%        N/A       1%          1
 Sandblast                Erth           62%        2d14      1%          1
 Passwall                 Tmut/Erth      25%        N/A       1%          2
 Sublimation of Blood     Necr           31%        N/A       1%          2
 Wereblood                Tmut           31%        N/A       1%          2
 Dazzling Flash           Conj/Hex       62%        N/A       2%          3
 Stone Arrow              Conj/Erth      62%        3d10      2%          3
 Vhi's Electric Charge    Tloc/Air       62%        N/A       2%          3
 Agony                    Necr           31%        N/A       22%         5
 Alistair's Intoxication  Tmut/Pois      20%        N/A       22%         5
 Arcjolt                  Conj/Air       15%        1d25      22%         5
 Silence                  Hex/Air        15%        N/A       22%         5
 Summon Hydra             Summ           15%        N/A       100%        7
 Maxwell's Capacitive Co  Air            15%        ∞         100%        8


Dungeon Overview and Level Annotations

Branches:
Dungeon (9/15)             Temple (1/1) D:4
   Lair: D:8-11         Orc: D:9-12

Altars:
Ashenzari
Cheibriados
Dithmenos
Elyvilon
Fedhas
Gozag
Hepliaklqana
Kikubaaqudgha
Makhleb
Nemelex Xobeh
Okawaru
Qazlal
Sif Muna
Trog
Uskayaw
Vehumet
Wu Jian
Xom
Yredelemnul
Zin
The Shining One

Shops:
D:1 *   D:3 [

Annotations:
D:5 exclusion: oklob plant
D:7 3 runed translucent doors, RealBenFromCanada's ghost, novice DrFE; logorrheac's ghost, novice TrBe; pigah's ghost, novice OpWn


Innate Abilities, Weirdness & Mutations

You have very sharp teeth.
Your uncanny sense of smell can sniff out nearby items.
Your experience applies equally to all skills.


Message History

The centaur warrior unwields a +0 orcbow.
The centaur warrior wields a +0 rapier.
The centaur warrior hits you with a +0 rapier!
* * * LOW HITPOINT WARNING * * *
The centaur warrior kicks you.
* * * LOW HITPOINT WARNING * * *
You are too injured to fight recklessly!
You shoot an arrow. The arrow hits the centaur warrior!
The centaur warrior is moderately wounded.
The wall freezes the centaur warrior.
The centaur warrior hits you with a +0 rapier!
* * * LOW HITPOINT WARNING * * *
The centaur warrior kicks you but does no damage.
You shoot an arrow.
The arrow hits the centaur warrior but does no damage.
The centaur warrior is heavily wounded.
The wall freezes the centaur warrior.
The centaur warrior barely misses you.
The centaur warrior kicks you but does no damage.
You shoot an arrow. The arrow hits the centaur warrior.
The centaur warrior is heavily wounded.
The wall freezes the centaur warrior but does no damage.
The centaur warrior hits you but does no damage.
The centaur warrior completely misses you.
The wall freezes the centaur warrior.
The centaur warrior hits you with a +0 rapier.
* * * LOW HITPOINT WARNING * * *
The centaur warrior kicks you but does no damage.
You shoot an arrow.
The arrow hits the centaur warrior but does no damage.
The centaur warrior is heavily wounded.
The wall freezes the centaur warrior.
The centaur warrior drinks a potion.
The centaur warrior is healed!
You shoot an arrow. The arrow hits the centaur warrior.
The centaur warrior is heavily wounded.
The wall freezes the centaur warrior.
The centaur warrior hits you but does no damage.
The centaur warrior kicks you but does no damage.
The wall freezes the centaur warrior.
The centaur warrior hits you with a +0 rapier!
You die...

##.## .. ....o ... ∆
##.# .###.#####.###
##)####.# .. #...#.#
##)))...#..# #.#...
#. #####.#...# ∆
....# ..# # #.#.#..#
##... #.# #
#...#.....#...# ...
# ###.###.## ##c##
##.### #
#.#[##..##@#.##.Y#..
# #.##..#.#))#†.#..#
# #..#...#.##[##†##
# #.#.#.#.#†.#..#.#∆
# #.#..#..##.#.##†..
# #.###.#####.##
##.# # #.#...†.# #.#
... # #.#.###.##. .
.[#
#######.......... .
[.#


You could see a centaur warrior.

Vanquished Creatures
  3 centaur warriors (D:9)
  A two-headed ogre (D:9)
  3 ugly things (D:9)
  A gargoyle (D:9)
  A guardian serpent (shapeshifter) (D:9)
  A kobold demonologist (D:9)
  A troll (D:9)
  2 hornets
  2 slime creatures
  Sigmund (D:3)
  A wraith (D:9)
  A shadow (D:9)
  A wyvern (D:9)
  2 basilisks (D:9)
  A yak (D:9)
  Grum (D:9)
  3 steam dragons
  Menkaure (D:4)
  An acid dragon (D:9)
  4 water moccasins
  A nameless horror (D:5)
  An orc warrior (D:7)
  2 sky beasts (D:7)
  2 ice beasts
  A black bear (D:7)
  An ogre (D:6)
  5 centaurs
  2 wolves (D:9)
  3 phantoms
  3 kobold brigands
  Blork the orc (D:4)
  6 bullfrogs
  4 scorpions
  A gnoll sergeant (D:9)
  9 wights
  A killer bee (D:9)
  5 howler monkeys
  A gnoll bouda (D:6)
  4 orc priests
  2 jellies
  4 hounds
  2 sleepcaps (D:5)
  3 iguanas
  Jessica (D:3)
  4 orc wizards
  Robin (D:2)
  8 adders
  13 gnolls
  A shadow imp (D:7)
  5 white imps
  3 ufetubi
  4 worms
  A dart slug (D:2)
  21 orcs
  4 ball pythons
  5 bats
  5 endoplasms
  3 giant cockroaches
  16 goblins
  7 hobgoblins
  5 jackals (D:2)
  14 kobolds
  6 quokkas
  16 frilled lizards
  A rat (D:3)
240 creatures vanquished.

Vanquished Creatures (collateral kills)
  A phantom (D:4)
  A hound (D:4)
  An orc wizard (D:3)
  2 gnolls (D:3)
  2 orcs (D:3)
  A ball python (D:3)
  An endoplasm (D:3)
  A giant cockroach (D:3)
  A hobgoblin (D:3)
11 creatures vanquished.

Grand Total: 251 creatures vanquished

Notes
Turn   | Place    | Note
-------+----------+-------------------------------------------
     0 | D:1      | mandoloar the Gnoll Ice Elementalist began the quest for
                  | the Orb.
     0 | D:1      | Reached XP level 1. HP: 13/13 MP: 6/6
     2 | D:1      | Found Mokaxio's General Store.
   479 | D:1      | Reached XP level 2. HP: 18/19 MP: 7/7
  1275 | D:2      | Reached skill level 5 in Spellcasting
  1275 | D:2      | Reached XP level 3. HP: 25/25 MP: 2/9
  1290 | D:2      | Reached skill level 1 in Ranged Weapons
  1344 | D:2      | Learned a level 3 spell: Frozen Ramparts
  1348 | D:2      | Learned a level 3 spell: Ozocubu's Armour
  1449 | D:2      | Found a stormy altar of Qazlal.
  1565 | D:2      | Reached skill level 1 in Invocations
  1573 | D:2      | Upgraded the game from 0.31-a0-121-g1e386dd289 to
                  | 0.31-a0-128-g25add195a6
  1928 | D:2      | Reached skill level 1 in Fighting
  1928 | D:2      | Reached skill level 1 in Short Blades
  1928 | D:2      | Reached skill level 1 in Long Blades
  1928 | D:2      | Reached skill level 1 in Axes
  1928 | D:2      | Reached skill level 1 in Maces & Flails
  1928 | D:2      | Reached skill level 1 in Polearms
  1928 | D:2      | Reached skill level 1 in Staves
  1928 | D:2      | Reached skill level 1 in Throwing
  1928 | D:2      | Reached skill level 1 in Armour
  1928 | D:2      | Reached skill level 1 in Shields
  1928 | D:2      | Reached skill level 1 in Unarmed Combat
  1928 | D:2      | Reached skill level 1 in Evocations
  2099 | D:2      | Reached XP level 4. HP: 32/32 MP: 6/11
  2132 | D:2      | Learned a level 4 spell: Summon Ice Beast
  2641 | D:3      | Noticed Robin
  2778 | D:2      | Reached skill level 1 in Conjurations
  2778 | D:2      | Reached skill level 1 in Hexes
  2778 | D:2      | Reached skill level 1 in Summonings
  2778 | D:2      | Reached skill level 1 in Necromancy
  2778 | D:2      | Reached skill level 1 in Translocations
  2778 | D:2      | Reached skill level 1 in Transmutations
  2778 | D:2      | Reached skill level 1 in Fire Magic
  2778 | D:2      | Reached skill level 1 in Air Magic
  2778 | D:2      | Reached skill level 1 in Earth Magic
  2778 | D:2      | Reached skill level 1 in Poison Magic
  2884 | D:2      | Killed Robin
  3182 | D:3      | Reached XP level 5. HP: 34/37 MP: 7/12
  3418 | D:3      | Noticed Jessica
  3421 | D:3      | Noticed Sigmund
  3425 | D:3      | Killed Jessica
  3437 | D:3      | Killed Sigmund
  3438 | D:3      | Reached skill level 5 in Dodging
  3438 | D:3      | Reached XP level 6. HP: 30/44 MP: 0/14
  3440 | D:3      | Found a snail-covered altar of Cheibriados.
  3633 | D:3      | You fall into a shaft and drop 1 floor!
  3742 | D:4      | Reached XP level 7. HP: 43/51 MP: 5/15
  3852 | D:4      | Noticed Blork the orc
  3966 | D:4      | Killed Blork the orc
  4159 | D:3      | Found Uhocul's Antique Armour Emporium.
  4365 | D:3      | Found an iron altar of Okawaru.
  4365 | D:3      | Found a shimmering blue altar of Sif Muna.
  4535 | D:4      | Noticed Menkaure
  4549 | D:4      | Killed Menkaure
  4550 | D:4      | Reached skill level 5 in Stealth
  4710 | D:4      | Reached XP level 8. HP: 26/58 MP: 5/16
  4844 | D:4      | Identified the +8 whip of Valiance {freeze, Int+6 Dex-4}
  5534 | D:4      | Found a staircase to the Ecumenical Temple.
  5543 | Temple   | Entered the Ecumenical Temple
  6068 | D:4      | Found a white marble altar of Elyvilon.
  6131 | D:5      | Entered Level 5 of the Dungeon
  6610 | D:5      | Reached skill level 5 in Ranged Weapons
  6752 | D:5      | Noticed a nameless horror
  6769 | D:5      | Killed a nameless horror
  6785 | D:5      | Upgraded the game from 0.31-a0-128-g25add195a6 to
                  | 0.31-a0-133-gaae73658be
  7621 | D:5      | Found a blossoming altar of Fedhas.
  7632 | D:5      | Noticed an oklob plant
  7705 | D:5      | Found a shimmering altar of Xom.
  7705 | D:5      | Found a glowing golden altar of the Shining One.
  7712 | D:5      | Became a worshipper of the Shining One
  8289 | D:6      | Reached XP level 9. HP: 65/65 MP: 12/18
  9231 | D:6      | Reached * piety under the Shining One
  9901 | D:7      | Found a runed translucent gate.
  9902 | D:7      | Found a runed translucent gate.
  9902 | D:7      | Found a runed translucent gate.
  9905 | D:7      | Noticed logorrheac's ghost (novice TrBe)
  9905 | D:7      | Noticed pigah's ghost (novice OpWn)
  9906 | D:7      | Noticed RealBenFromCanada's ghost (novice DrFE)
 10841 | D:7      | Reached skill level 5 in Invocations
 11254 | D:7      | Reached skill level 5 in Fighting
 11254 | D:7      | Reached skill level 5 in Short Blades
 11254 | D:7      | Reached skill level 5 in Long Blades
 11254 | D:7      | Reached skill level 5 in Axes
 11254 | D:7      | Reached skill level 5 in Maces & Flails
 11254 | D:7      | Reached skill level 5 in Polearms
 11254 | D:7      | Reached skill level 5 in Staves
 11254 | D:7      | Reached skill level 5 in Throwing
 11254 | D:7      | Reached skill level 5 in Armour
 11254 | D:7      | Reached skill level 5 in Shields
 11254 | D:7      | Reached skill level 5 in Unarmed Combat
 11254 | D:7      | Reached skill level 5 in Evocations
 11254 | D:7      | Reached XP level 10. HP: 53/74 MP: 14/20
 11262 | D:7      | Noticed a skeletal warrior
 11262 | D:7      | Reached ** piety under the Shining One
 12960 | D:8      | Found a glowing silver altar of Zin.
 12996 | D:9      | Found a sparkling altar of Nemelex Xobeh.
 13046 | D:8      | Paralysed by a hornet for 3 turns
 13238 | D:9      | Noticed a two-headed ogre
 13249 | D:9      | Killed a two-headed ogre
 13496 | D:9      | Noticed a kobold demonologist
 13501 | D:9      | Killed a kobold demonologist
 13506 | D:9      | Noticed a centaur warrior
 13548 | D:9      | Killed a centaur warrior
 13549 | D:9      | Reached skill level 5 in Conjurations
 13549 | D:9      | Reached skill level 5 in Hexes
 13549 | D:9      | Reached skill level 5 in Summonings
 13549 | D:9      | Reached skill level 5 in Necromancy
 13549 | D:9      | Reached skill level 5 in Translocations
 13549 | D:9      | Reached skill level 5 in Transmutations
 13549 | D:9      | Reached skill level 5 in Fire Magic
 13549 | D:9      | Reached skill level 5 in Air Magic
 13549 | D:9      | Reached skill level 5 in Earth Magic
 13549 | D:9      | Reached skill level 5 in Poison Magic
 13549 | D:9      | Reached XP level 11. HP: 54/81 MP: 19/22
 13733 | D:9      | Noticed a centaur warrior
 13756 | D:9      | Killed a centaur warrior
 14024 | D:9      | Noticed a centaur warrior
 14036 | D:9      | Killed a centaur warrior
 14054 | D:9      | Noticed Grum
 14069 | D:9      | Killed Grum
 14087 | D:9      | Reached *** piety under the Shining One
 14303 | D:9      | Noticed a white ugly thing
 14304 | D:9      | Noticed a purple ugly thing
 14306 | D:9      | Noticed a cyan ugly thing
 14314 | D:9      | Killed a cyan ugly thing
 14314 | D:9      | Killed a purple ugly thing
 14320 | D:9      | Killed a cyan ugly thing
 14349 | D:9      | Noticed a centaur warrior
 14360 | D:9      | HP: 1/83 [centaur warrior/arrow (19)]
 14360 | D:9      | The Shining One protects you from harm!
 14365 | D:9      | HP: 4/83 [centaur warrior/+0 rapier (5)]
 14367 | D:9      | Slain by a centaur warrior

Illustrated notes

Levels and vault maps discovered:
D:1:      minmay_arrival_three_doors, layout_basic, serial_shops, shop
D:2:      layout_basic, basic_altar, minivault_4, minmay_lizard_king
D:3:      layout_rooms, grunt_temple_overflow_open, serial_shops, shop_statue,
          uniq_jessica, uniq_sigmund, uniq_robin
D:4:      layout_loops_ring, marbit_many_paths, minmay_temple_entry_poolview,
          minivault_1, hangedman_decor_lopped, amethyst_killhole,
          corner_web_ring, minmay_joined_circles, uniq_menkaure,
          uniq_blork_the_orc
D:5:      layout_loops_ring, tgw_fedhas, amethyst_overflow_temple_binary,
          small_statue_intersection, minmay_puff
D:6:      layout_gridville, nicolae_concentric_dashed_squares_wild
D:7:      minmay_slanted_spiral_squares, layout_layer_cave,
          gammafunk_ghost_cemetery, dreamdust_princess_bridge
D:8:      layout_basic, zin_scriptorium
D:9:      minmay_the_grid_square_5x5_4x4 [minmay_the_grid_square_5x5_trominoes,
          minmay_the_grid_square_5x5_percent,
          minmay_the_grid_square_5x5_shrine1,
          minmay_the_grid_square_5x5_doubleslash,
          minmay_the_grid_square_5x5_spiral_small,
          minmay_the_grid_square_5x5_prize_junk,
          minmay_the_grid_square_5x5_prize_rear_guard,
          minmay_the_grid_square_5x5_meh, minmay_the_grid_square_5x5_one_wall,
          minmay_the_grid_square_5x5_prize_itemx,
          minmay_the_grid_square_5x5_prize_snowflake,
          minmay_the_grid_square_5x5_mess,
          minmay_the_grid_square_5x5_two_walls_a,
          minmay_the_grid_square_5x5_eight, minmay_the_grid_square_5x5_corner,
          minmay_the_grid_square_5x5_inner_v], layout_loops_ring,
          mainiacjoe_overflow_chevrons, serial_shops, nicolae_shop_peninsula,
          nicolae_evil_shop, uniq_grum
Temple:   hc_temple_tempest_star

Skill      XL: |  1  2  3  4  5  6  7  8  9 10 11 |
---------------+----------------------------------+-----
Spellcasting   | 5 6 7 8 |  8.6
Ranged Weapons | 1 2 3 4 5 7 8 9 |  9.9
Invocations    | 1 2 3 4 5 6 7 |  7.5
Fighting       | 1 2 3 5 6 |  6.9
Short Blades   | 1 2 3 5 6 |  6.9
Long Blades    | 1 2 3 5 6 |  6.9
Axes           | 1 2 3 5 6 |  6.9
Maces & Flails | 1 2 3 5 6 |  6.9
Polearms       | 1 2 3 5 6 |  6.9
Staves         | 1 2 3 5 6 |  6.9
Throwing       | 1 2 3 5 6 |  6.9
Armour         | 1 2 3 5 6 |  6.9
Shields        | 1 2 3 5 6 |  6.9
Unarmed Combat | 1 2 3 5 6 |  6.9
Evocations     | 1 2 3 5 6 |  6.9
Conjurations   | 1 2 3 4 5 |  5.7
Hexes          | 1 2 3 4 5 |  5.7
Summonings     | 1 2 3 4 5 |  5.7
Necromancy     | 1 2 3 4 5 |  5.7
Translocations | 1 2 3 4 5 |  5.7
Transmutations | 1 2 3 4 5 |  5.7
Fire Magic     | 1 2 3 4 5 |  5.7
Air Magic      | 1 2 3 4 5 |  5.7
Earth Magic    | 1 2 3 4 5 |  5.7
Poison Magic   | 1 2 3 4 5 |  5.7
Dodging        | 5 6 7 8 |  8.4
Stealth        | 5 6 7 8 |  8.1
Ice Magic      | 8 9 |  9.2

Action                     |  1- 3 |  4- 6 |  7- 9 | 10-12 || total
---------------------------+-------+-------+-------+-------++-------
  Melee: Spear             |    39 |    23 |   218 |       ||   280
         Bite              |     4 |     1 |    36 |    33 ||    74
         Dagger            |     1 |       |       |       ||     1
         Punch             |       |     1 |    14 |    14 ||    29
         Falchion          |       |       |    45 |   144 ||   189
         Orcbow            |       |       |       |     2 ||     2
   Fire: Orcbow            |       |       |       |   109 ||   109
  Throw: Boomerang         |       |       |     5 |     8 ||    13
   Cast: Freeze            |    13 |     4 |     7 |       ||    24
         Frozen Ramparts   |     9 |    17 |    70 |    38 ||   134
         Ozocubu's Armour  |     1 |     7 |    51 |    32 ||    91
         Summon Ice Beast  |       |     7 |     2 |       ||     9
 Invoke: Divine Shield     |       |       |       |     1 ||     1
    Use: Scroll            |       |     4 |     8 |     7 ||    19
         Potion            |       |       |       |     2 ||     2
   Stab: Sleeping          |     5 |       |       |       ||     5
 Armour: Robe              |     9 |    18 |    66 |       ||    93
         Steam dragon scal |       |       |     3 |   110 ||   113
  Dodge: Dodged            |    14 |    40 |   188 |   166 ||   408
  Block: Other             |       |       |       |     6 ||     6

Table legend: (Time is in decaauts)
 A = Elapsed time spent in this place.
 B = Non-inter-level travel time spent in this place.
 C = Inter-level travel time spent in this place.
 D = Time resting spent in this place.
 E = Time spent auto-exploring this place.
 F = Levels seen in this place.
 G = Mean time per level.
                   A        B        C        D        E       F      G
               +--------+--------+--------+--------+--------+-----+--------+
         Total |  14388 |  13533 |    855 |   3570 |   7642 |  10 | 1438.8 |
       Dungeon |  14136 |  13289 |    847 |   3570 |   7411 |   9 | 1570.7 |
        Temple |    251 |    243 |      8 |      0 |    231 |   1 |  251.0 |
               +--------+--------+--------+--------+--------+-----+--------+

Top non-repeatable levels by time:
     D:7: 2401 daAuts
     D:4: 2069 daAuts
     D:2: 1916 daAuts
     D:5: 1801 daAuts
     D:6: 1800 daAuts
     D:1: 1267 daAuts
     D:9: 1107 daAuts
     D:8: 921 daAuts
     D:3: 852 daAuts
  Temple: 251 daAuts
